 Dungeon Crawl Stone Soup version 0.29.1-13-g9f3cf754e1 (webtiles) character file.

Game seed: 10838724617317610197

1355 H0rd4k the Insei (level 8, -2/57 HPs)
             Began as an Octopode Artificer on Feb 7, 2023.
             Shot with an arrow by a centaur (9 damage)
             ... on level 6 of the Dungeon.
             The game lasted 00:05:26 (7591 turns).

H0rd4k the Insei (Octopode Artificer)               Turns: 7591, Time: 00:05:26

Health: -2/57      AC:  1    Str: 11    XL:     8   Next: 63%
Magic:  14/14      EV: 13    Int: 16    God:
Gold:   334        SH:  0    Dex: 12    Spells: 15/15 levels left

rFire   . . .      SeeInvis .     - Unarmed
rCold   . . .      Faith    .   (no shield)
rNeg    . . .      Spirit   .   (helmet restricted)
rPois   .          Reflect  .   (no amulet)
rElec   .          Harm     .   w - ring of flight
rCorr   .          Rampage  .   (no ring)
Will    .....                   (no ring)
Stlth   +++.......              (no ring)
HPRegen 0.19/turn               (no ring)
MPRegen 0.14/turn               (no ring)
                                (no ring)
                                (no ring)

@: flying
A: almost no armour, amphibious, 8 rings, camouflage 1, gelatinous body 1,
(nimble swimmer 1), tentacles
a: no special abilities


You were on level 6 of the Dungeon.
You visited 1 branch of the dungeon, and saw 6 of its levels.

You collected 334 gold pieces.

Inventory:

Missiles
 p - 11 poisoned darts
Jewellery
 w - a ring of flight (left tentacle)
Wands
 b - a wand of roots (4) (quivered)
 c - a wand of charming (6)
 q - a wand of digging (10)
 r - a wand of polymorph (6)
Scrolls
 f - 2 scrolls of vulnerability {unknown}
 g - 2 scrolls of blinking {unknown}
 h - 2 scrolls of identify {unknown}
 j - a scroll of noise {unknown}
 k - 2 scrolls of teleportation {unknown}
 m - a scroll of silence {unknown}
 n - a scroll of brand weapon {unknown}
 o - a scroll of summoning {unknown}
 s - a scroll of magic mapping {unknown}
 t - a scroll of fear {unknown}
 x - a scroll of poison {unknown}
Potions
 a - 2 potions of resistance {unknown}
 d - a potion of brilliance {unknown}
 e - 2 potions of magic {unknown}
 i - 2 potions of flight {unknown}
 l - 2 potions of heal wounds {unknown}
 u - 2 potions of degeneration {unknown}
 v - 2 potions of curing


   Skills:
 * Level 6.0 Fighting
 - Level 2.3 Dodging
 - Level 1.3 Stealth
 + Level 6.5 Unarmed Combat
 * Level 4.2 Spellcasting
 - Level 3.2 Evocations


You had 15 spell levels left.
You didn't know any spells.
Your spell library contained the following spells:

 Spells                   Type           Power      Damage    Failure   Level
 Confusing Touch          Hex            3%         N/A       45%         3
 Gell's Gravitas          Tloc           3%         N/A       45%         3
 Teleport Other           Tloc           3%         N/A       45%         3
 Yara's Violent Unravell  Hex/Tmut       1%         3d3       99%         5
 Dispersal                Tloc           1%         N/A       100%        6
 Enfeeble                 Hex            1%         N/A       100%        7


Dungeon Overview and Level Annotations

Branches:
Dungeon (6/15)
 Temple: D:4-7

Altars:

Shops:
D:3 (   D:6 (

Annotations:
D:2 exclusion: downstairs
D:3 3 runed translucent doors, exclusions: 3 doors and downstairs, Zantyr's ghost, amateur GnHW
D:5 Grinder
D:6 exclusions: upstairs, water moccasin and 2 yaks


Innate Abilities, Weirdness & Mutations

You cannot wear most types of armour.
You are amphibious.
You can wear up to eight rings at the same time.
Your skin changes colour to match your surroundings (Stealth+).
Your rubbery body absorbs attacks. (AC +1, EV +1)
((You are camouflaged when in or above water. (Stealth+)))
You have tentacles for arms and can constrict up to eight enemies at once.


Message History

You barely miss the white imp. Your grab misses the white imp.
The white imp hits you.
* * * LOW HITPOINT WARNING * * *
The white imp freezes you.
* * * LOW HITPOINT WARNING * * *
You tentacle-slap the white imp but do no damage.
Your grab misses the white imp. The white imp hits you.
* * * LOW HITPOINT WARNING * * *
The white imp freezes you.
* * * LOW HITPOINT WARNING * * *
You closely miss the white imp. Your grab misses the white imp.
You squeeze the white imp.
The white imp is lightly wounded.
The white imp barely misses you.
You tentacle-slap the white imp. Your grab misses the white imp.
Your squeeze misses the white imp.
The white imp is moderately wounded.
The white imp hits you.
* * * LOW HITPOINT WARNING * * *
The white imp freezes you.
* * * LOW HITPOINT WARNING * * *
You feel better. The white imp hits you.
* * * LOW HITPOINT WARNING * * *
The white imp freezes you.
* * * LOW HITPOINT WARNING * * *
You tentacle-slap the white imp but do no damage.
You grab the white imp.
The white imp is moderately wounded.
You constrict the white imp. The white imp barely misses you.
You tentacle-slap the white imp. You squeeze the white imp.
You kill the white imp!
An iguana comes into view.
An iguana is nearby!
An iguana is nearby!
An iguana is nearby!
A centaur comes into view.
The centaur shouts!
The centaur wields a +0 shortbow.
The centaur shoots an arrow.
The arrow hits you!
You die...

#.# #.# ####.# #.#
#....# #.# #[####
#.#
#########.#######.#
#..l.....†........#
...#######...#######
###.# #@# #.# #.#
#.# #.# #c# #.# #.#


You could see a centaur.

Vanquished Creatures
  Edmund (D:5)
  Pargi (D:3)
  An ice beast (D:4)
  A black bear (D:5)
  A centaur (D:6)
  3 phantoms
  2 scorpions (D:5)
  A jelly (D:4)
  5 hounds (D:5)
  Jessica (D:3)
  Ijyb (D:5)
  2 iguanas (D:6)
  3 orc wizards
  4 adders
  2 shadow imps
  2 white imps (D:6)
  2 worms (D:3)
  13 dart slugs
  10 orcs
  2 ball pythons
  An endoplasm (D:4)
  3 goblins
  5 kobolds
  2 quokkas
  5 bats
  2 frilled lizards
  2 rats
78 creatures vanquished.

Vanquished Creatures (collateral kills)
  An ogre (D:5)
  An orc priest (D:3)
  An orc (D:3)
  A hobgoblin (D:3)
4 creatures vanquished.

Grand Total: 82 creatures vanquished

Notes
Turn   | Place    | Note
-------+----------+-------------------------------------------
     0 | D:1      | H0rd4k the Octopode Artificer began the quest for the Orb.
     0 | D:1      | Reached XP level 1. HP: 13/13 MP: 1/1
    32 | D:1      | Found a faded altar of an unknown god.
   748 | D:1      | Reached XP level 2. HP: 19/19 MP: 2/2
  1266 | D:1      | Reached skill level 1 in Spellcasting
  2052 | D:2      | Reached XP level 3. HP: 18/24 MP: 4/4
  2289 | D:3      | Noticed Jessica
  2301 | D:3      | Killed Jessica
  2302 | D:3      | Reached skill level 1 in Unarmed Combat
  2525 | D:3      | Found a runed translucent gate.
  2525 | D:3      | Found a runed translucent gate.
  2525 | D:3      | Found a runed translucent gate.
  2794 | D:3      | Reached XP level 4. HP: 29/30 MP: 6/6
  2991 | D:3      | Found Imewuof's Antique Weapon Boutique.
  3102 | D:3      | Noticed Pargi
  3118 | D:3      | Reached XP level 5. HP: 9/36 MP: 8/8
  3391 | D:3      | Identified the +5 short sword of the Maze {freeze, Contam
                  | rPois Dex+3}
  3532 | D:3      | Noticed Zantyr's ghost (amateur GnHW)
  3780 | D:4      | Noticed a phantom
  3863 | D:4      | Noticed a phantom
  3966 | D:3      | Killed Pargi
  3967 | D:3      | Reached XP level 6. HP: 42/42 MP: 8/10
  4532 | D:4      | Noticed an ice beast
  4566 | D:4      | Killed an ice beast
  4647 | D:4      | Reached XP level 7. HP: 49/49 MP: 11/11
  4880 | D:5      | Entered Level 5 of the Dungeon
  5449 | D:5      | Noticed Edmund
  5457 | D:5      | Reached skill level 5 in Fighting
  5464 | D:5      | Reached skill level 5 in Unarmed Combat
  5464 | D:5      | Reached XP level 8. HP: 47/55 MP: 13/13
  5535 | D:5      | Killed Edmund
  5784 | D:5      | Noticed Grinder
  6056 | D:5      | Noticed Ijyb
  6071 | D:5      | Killed Ijyb
  7318 | D:6      | Noticed a yak
  7356 | D:6      | Found Ryan's Weapon Shop.
  7515 | D:6      | Noticed a yak
  7582 | D:6      | HP: 2/57 [white imp (2)]
  7591 | D:6      | Shot with an arrow by a centaur

Illustrated notes

Levels and vault maps discovered:
D:1:      psy_arrival_radial02, layout_loops_corners,
          ebering_ecumenical_altar_sacrificial
D:2:      layout_loops_cross, serial_glass, glass_columns_a, glass_columns_c
D:3:      layout_basic, serial_shops, nicolae_shop_advertising_works
          [nicolae_subvault_shop_adworks], gammafunk_ghost_icy,
          hangedman_decor_diamond_cutter, uniq_jessica, uniq_pargi
D:4:      layout_rooms
D:5:      kennysheep_slugbush, layout_basic, uniq_edmund, uniq_ijyb,
          uniq_grinder
D:6:      layout_loops_ring, wad_floor_pattern_untrapped, reono_crystal_passage,
          kennysheep_windowed_goal

Skill      XL: |  1  2  3  4  5  6  7  8 |
---------------+-------------------------+-----
Spellcasting   | 1 2 3 4 |  4.2
Fighting       | 2 3 4 5 6 |  6.0
Unarmed Combat | 1 2 3 5 6 |  6.5
Dodging        | |  2.3
Stealth        | |  1.3
Evocations     | |  3.2

Action                   |  1- 3 |  4- 6 |  7- 9 || total
-------------------------+-------+-------+-------++-------
Melee: Unarmed           |    60 |    61 |   117 ||   238
       Constrict         |    17 |    14 |    30 ||    61
       Tentacles         |    10 |    19 |    42 ||    71
       Punch             |       |     3 |     5 ||     8
Evoke: Wand              |       |    19 |    22 ||    41
  Use: Potion            |       |     1 |     1 ||     2
 Stab: Sleeping          |     7 |     3 |     3 ||    13
       Distracted        |       |       |     1 ||     1
Armor: Skin              |     5 |     3 |     4 ||    12
Dodge: Dodged            |    43 |    37 |    60 ||   140
